[Event "Late-Titled-Tuesday-Blitz-March-12-2024"]
[Site "Chess.com"]
[Date "2024.03.12"]
[Round "11"]
[White "Casper"]
[Black "Mikhail_Golubev"]
[Result "0-1"]
[WhiteElo "2464"]
[BlackElo "2664"]
[TimeControl "180+1"]
[EndTime "15:59:31 PDT"]
[Termination "Mikhail_Golubev won by resignation"]

1. Nf3 d6 2. b3 Nf6 3. Bb2 Nbd7 4. d4 g6 5. e3 Bg7 6. Be2 O-O 7. O-O a5 8. c4 a4 9. bxa4 Ne4 10. Nc3 Nxc3 11. Bxc3 Nf6 12. Bd3 b6 13. e4 Bg4 14. a5 bxa5 15.
Rb1 Nd7 16. Qd2 Bxf3 17. gxf3 c5 18. d5 Bxc3 19. Qxc3 Ne5 20. f4 Nf3+ 21. Kg2 Nd4 22. Rb7 Qc8 23. Rxe7 Qg4+ 24. Kh1 Qf3+ 25. Kg1 Ne2+ 0-1

[Event "Late-Titled-Tuesday-Blitz-March-12-2024"]
[Site "Chess.com"]
[Date "2024.03.12"]
[Round "11"]
[White "publicaccountcze"]
[Black "Bugcrusher"]
[Result "1-0"]
[WhiteElo "2238"]
[BlackElo "2499"]
[TimeControl "180+1"]
[EndTime "15:59:54 PDT"]
[Termination "publicaccountcze won by resignation"]

1. e4 c6 2. d4 d5 3. e5 c5 4. c3 Nc6 5. Nf3 cxd4 6. cxd4 Bg4 7. Be2 e6 8. O-O Qb6 9. Be3 Qxb2 10. Nbd2 Qb6 11. Rb1 Qc7 12. Qb3 Bb4 13. Rfc1 Bxd2 14. Bxd2 Rb8 15. Rxc6 1-0

[Event "Late-Titled-Tuesday-Blitz-March-12-2024"]
[Site "Chess.com"]
[Date "2024.03.12"]
[Round "11"]
[White "IraZyne"]
[Black "Kopytkin"]
[Result "0-1"]
[WhiteElo "2334"]
[BlackElo "2438"]
[TimeControl "180+1"]
[EndTime "16:00:12 PDT"]
[Termination "Kopytkin won by resignation"]

1. e4 Nf6 2. e5 Nd5 3. Nc3 Nxc3 4. dxc3 d5 5. f4 c5 6. Be3 e6 7. Nf3 Nc6 8. Be2 b6 9. O-O Bb7 10. Qe1 g6 11. Rd1 Qc7 12. Bf2 Be7 13. Bh4 O-O-O 14. Bxe7 Qxe7 15. Qg3 h6 16. Rfe1 Rdg8 17. Bb5 g5 18. f5 exf5 19. Rxd5 Nd4 20. Nxd4 Bxd5 21. Nxf5 Qe6 22. b3 Qxf5 0-1

[Event "Late-Titled-Tuesday-Blitz-March-12-2024"]
[Site "Chess.com"]
[Date "2024.03.12"]
[Round "11"]
[White "Stanbad1"]
[Black "Mikasinski"]
[Result "0-1"]
[WhiteElo "2524"]
[BlackElo "2658"]
[TimeControl "180+1"]
[EndTime "16:00:16 PDT"]
[Termination "Mikasinski won by checkmate"]

1. d4 Nf6 2. Bg5 e6 3. Nd2 c5 4. e3 cxd4 5. exd4 Qa5 6. Nf3 Ne4 7. Bf4 Nc6 8. Bd3 Nxd2 9. Qxd2 Qxd2+ 10. Bxd2 d6 11. c3 b6 12. Ke2 Bb7 13. Rhe1 Be7 14.
Bf4 O-O-O 15. Kf1 h6 16. d5 exd5 17. Rad1 g5 18. Bg3 Bf6 19. Bf5+ Kb8 20. Rxd5 Ne5 21. Nxe5 Bxd5 22. Nd7+ Rxd7 23. Bxd7 Kc7 24. Bf5 Bxa2 25. Ra1 Bc4+ 26. Kg1 a5 27. h3 Re8 28. f4 Re2 29.
Rd1 gxf4 30. Bxf4 Be5 31. Bxh6 Rxb2 32. Bf8 a4 33. Ra1 Ra2 34. Rc1 a3 35. Bh6 Bd5 36. g4 Rg2+ 37. Kf1 Rh2 38. Kg1 Bg3 39. Rc2 Rh1# 0-1

[Event "Late-Titled-Tuesday-Blitz-March-12-2024"]
[Site "Chess.com"]
[Date "2024.03.12"]
[Round "11"]
[White "xasid81"]
[Black "Bryanl106"]
[Result "0-1"]
[WhiteElo "2584"]
[BlackElo "2685"]
[TimeControl "180+1"]
[EndTime "16:00:37 PDT"]
[Termination "Bryanl106 won by resignation"]

1. Nf3 Nf6 2. b4 a5 3. b5 g6 4. a4 Bg7 5. Bb2 O-O 6. e3 b6 7. Be2 Bb7 8. O-O d6 9. c4 e5 10. d4 e4 11. Nfd2 h5 12. Nc3 Nbd7 13. Qc2 Re8 14.
Rfe1 Qe7 15. Bf1 Nh7 16. Nd5 Bxd5 17. cxd5 Nhf6 18. Rac1 Nxd5 19. Qb3 N7f6 20. g3 h4 21. Bg2 Nb4 22. Rc3 hxg3 23. hxg3 Bh6 24. Rec1 Rac8 25. Ba3 Nd3 26. Rd1 Qd7 27. Nxe4 Nxe4 28. Rcxd3 d5 29.
Qc2 Kg7 30. Bxe4 Rxe4 31. Rc3 Bg5 32. Rc6 Rh8 33. Kf1 Rh1+ 34. Ke2 Qg4+ 35. Kd2 Rxd1+ 36. Qxd1 Rxd4+ 0-1

[Event "Late-Titled-Tuesday-Blitz-March-12-2024"]
[Site "Chess.com"]
[Date "2024.03.12"]
[Round "11"]
[White "bazar-wokzal"]
[Black "Mikhail_Bryakin"]
[Result "0-1"]
[WhiteElo "2573"]
[BlackElo "2733"]
[TimeControl "180+1"]
[EndTime "16:00:55 PDT"]
[Termination "Mikhail_Bryakin won by checkmate"]

1. e4 c5 2. c3 d5 3. exd5 Qxd5 4. d4 Nf6 5. Nf3 Bg4 6. dxc5 Qxc5 7. h3 Bh5 8. Be3 Qa5 9. Na3 Nc6 10. Bb5 Qc7 11.
g4 Bg6 12. Qa4 Nd7 13. Bxc6 bxc6 14. O-O-O e6 15. Bf4 Qb7 16. Nc4 Nb6 17. Qb3 Be7 18. Nd6+ Bxd6 19. Bxd6 Be4 20. c4 Bxf3 21. Qxf3 Nxc4 22.
Bc5 Qxb2# 0-1

[Event "Late-Titled-Tuesday-Blitz-March-12-2024"]
[Site "Chess.com"]
[Date "2024.03.12"]
[Round "11"]
[White "Shahdad2007"]
[Black "stollenmonster"]
[Result "0-1"]
[WhiteElo "2586"]
[BlackElo "2837"]
[TimeControl "180+1"]
[EndTime "16:01:08 PDT"]
[Termination "stollenmonster won by resignation"]

1. Nf3 Nf6 2. c4 e6 3. g3 d5 4. Bg2 Be7 5. O-O O-O 6. d4 Ne4 7. Nc3 f5 8. Qc2 c6 9. Be3 Bd7 10. Rad1 Be8 11. Ne5 Nd7 12. f3 Nxe5 13. dxe5 Nxc3 14.
Qxc3 g5 15. f4 Bh5 16. Rd2 a5 17. a3 Rc8 18. Rfd1 b5 19. cxd5 cxd5 20. Qb3 b4 21.
fxg5 Bxg5 22. h4 Be7 23. Bh6 Qb6+ 24. Kh2 Rfd8 25. Be3 Qb5 26. axb4 Bxb4 27. Rc2 a4 28. Rxc8 Rxc8 29. Qd3 Bxe2 30. Qxb5 Bxb5 31. Rd4 Bc5 0-1

[Event "Late-Titled-Tuesday-Blitz-March-12-2024"]
[Site "Chess.com"]
[Date "2024.03.12"]
[Round "11"]
[White "yobdc"]
[Black "amiralfio"]
[Result "1-0"]
[WhiteElo "2593"]
[BlackElo "2665"]
[TimeControl "180+1"]
[EndTime "16:01:10 PDT"]
[Termination "yobdc won by checkmate"]

1. e4 e5 2. Nf3 Nc6 3. Bc4 Nf6 4. d3 Be7 5. O-O O-O 6. Re1 d6 7. a4 Kh8 8. a5 a6 9. h3 Ng8 10. d4 f5 11. dxe5 fxe4 12. Rxe4 Rxf3 13. Qxf3 d5 14. Bxd5 Qxd5 15. Nc3 Qe6 16. Bf4 Bd7 17. Qe3 Rf8 18.
Bg3 Be8 19. Rd1 Nh6 20. Nd5 Nf5 21. Qc3 Bh5 22. Nf4 Qh6 23. Rd7 Bb4 24. Rxb4 Nxb4 25. Qxb4 Qc6 26. Qxf8# 1-0

[Event "Late-Titled-Tuesday-Blitz-March-12-2024"]
[Site "Chess.com"]
[Date "2024.03.12"]
[Round "11"]
[White "KaydenTroffChess"]
[Black "artin10862"]
[Result "1-0"]
[WhiteElo "2843"]
[BlackElo "2888"]
[TimeControl "180+1"]
[EndTime "16:01:18 PDT"]
[Termination "KaydenTroffChess won by resignation"]

1. d4 d5 2. Nf3 Nf6 3. Bf4 c5 4. e3 Qb6 5. Nc3 a6 6. dxc5 Qxc5 7. Be2 Nc6 8. O-O Bf5 9. Na4 Qa5 10. c3 e6 11. b4 Qd8 12. Nd4 Nxd4 13. Qxd4 Nd7 14.
c4 dxc4 15. Bf3 Qc8 16. Nb6 Nxb6 17. Qxb6 1-0

[Event "Late-Titled-Tuesday-Blitz-March-12-2024"]
[Site "Chess.com"]
[Date "2024.03.12"]
[Round "11"]
[White "mortngabriel"]
[Black "Kostukov_Alex"]
[Result "1-0"]
[WhiteElo "2497"]
[BlackElo "2273"]
[TimeControl "180+1"]
[EndTime "16:01:30 PDT"]
[Termination "mortngabriel won on time"]

1. e4 c5 2. Nf3 g6 3. c3 Bg7 4. d4 cxd4 5. cxd4 d5 6. e5 Nc6 7. h3 f6 8. Bf4 Nh6 9. Nc3 Nf5 10. Bb5 O-O 11. Bxc6 bxc6 12. O-O fxe5 13. Bxe5 e6 14. Re1 Bd7 15. Na4 Nh4 16. Nxh4 Qxh4 17. Nc5 Qxf2+ 18. Kh1 1-0

[Event "Late-Titled-Tuesday-Blitz-March-12-2024"]
[Site "Chess.com"]
[Date "2024.03.12"]
[Round "11"]
[White "mightysmasher"]
[Black "Bkmzzzzz"]
[Result "1-0"]
[WhiteElo "2600"]
[BlackElo "2396"]
[TimeControl "180+1"]
[EndTime "16:01:37 PDT"]
[Termination "mightysmasher won by resignation"]

1. e4 d6 2. d4 Nf6 3. Nc3 e5 4.
dxe5 dxe5 5. Qxd8+ Kxd8 6. Bg5 Be6 7. O-O-O+ Nd7 8. Nd5 Kc8 9. f3 c6 10. Nxf6 gxf6 11. Be3 Bc5 12. Bxc5 Nxc5 13. b3 Kc7 14. Ne2 a5 15. Nc3 a4 16. b4 Nd7 17. a3 Nb6 18. Kb2 Rhg8 19. g3 h5 20. Be2 h4 21. Rhg1 hxg3 22. hxg3 Rh8 23. Rh1 Rag8 24. g4 Bc4 25.
Bd3 Rd8 26. Rxh8 Rxh8 27. Ne2 Rh3 28. f4 exf4 29. Nxf4 Rg3 30. Nh5 Rxg4 31. Nxf6 Rg2 32. Ne8+ Kb8 33. Nd6 Be6 34. Rf1 Rg7 35. Rh1 Kc7 36.
Ne8+ 1-0

[Event "Late-Titled-Tuesday-Blitz-March-12-2024"]
[Site "Chess.com"]
[Date "2024.03.12"]
[Round "11"]
[White "The_Straightforward_Rook"]
[Black "yaguigor"]
[Result "1-0"]
[WhiteElo "2478"]
[BlackElo "2589"]
[TimeControl "180+1"]
[EndTime "16:01:39 PDT"]
[Termination "The_Straightforward_Rook won by resignation"]

1. c4 e6 2. Nc3 d5 3. d4 c6 4.
cxd5 exd5 5. Nf3 Bf5 6. Bf4 Bd6 7. Bxd6 Qxd6 8. Qb3 b5 9. e3 a5 10. Be2 a4 11.
Qd1 Nd7 12. Rc1 Ne7 13. O-O O-O 14. h3 h6 15. Bd3 Bxd3 16. Qxd3 f5 17. Ne2 Ng6 18. g3 Qe6 19. Nf4 Nxf4 20. gxf4 Ra6 21. Kh2 Qe4 22. Ne1 Qe6 23. Rg1 Nf6 24. Nf3 Ne4 25.
Rg2 Rf6 26. Ne5 Qe8 27. f3 Nd6 28. Rcg1 Ra7 29. Qc3 Nc4 30. b3 axb3 31. axb3 Nxe5 32. fxe5 Re6 33. Qc5 Kh7 34. Qxa7 1-0

[Event "Late-Titled-Tuesday-Blitz-March-12-2024"]
[Site "Chess.com"]
[Date "2024.03.12"]
[Round "11"]
[White "RianKapriaga"]
[Black "Synctel"]
[Result "1-0"]
[WhiteElo "2271"]
[BlackElo "1917"]
[TimeControl "180+1"]
[EndTime "16:01:44 PDT"]
[Termination "RianKapriaga won on time"]

1. d4 Nf6 2. Nf3 d5 3. e3 b6 4. b3 Bb7 5. Be2 e6 6. O-O Be7 7. Bb2 Ne4 8. Nbd2 f5 9. Ne5 O-O 10. f3 Nxd2 11. Qxd2 Nd7 12. c4 Nxe5 13. dxe5 dxc4 14.
Qxd8 Raxd8 15. Bxc4 Bd5 16. Be2 Bc5 17. Bd4 Ba3 18.
Rfd1 c5 19. Bc3 Bc6 20. Rd6 Rxd6 21. exd6 Rd8 22. Rd1 Kf7 23. Be5 g6 24. Kf2 Ke8 25.
h3 Kd7 26. g4 Rc8 27. h4 b5 28. h5 Bd5 29. Bxb5+ Bc6 30. Bc4 Bb4 31. gxf5 exf5 32. hxg6 hxg6 33. Rg1 1-0

[Event "Late-Titled-Tuesday-Blitz-March-12-2024"]
[Site "Chess.com"]
[Date "2024.03.12"]
[Round "11"]
[White "kleber2007"]
[Black "Veleamater"]
[Result "1/2-1/2"]
[WhiteElo "2533"]
[BlackElo "2342"]
[TimeControl "180+1"]
[EndTime "16:01:52 PDT"]
[Termination "Game drawn by agreement"]

1. d4 Nf6 2. c4 g6 3. Nc3 Bg7 4.
e4 O-O 5. Nf3 d6 6. Be2 e5 7.
O-O Nc6 8. d5 Ne7 9. b4 a5 10.
bxa5 Rxa5 11. a4 Ne8 12. Ba3 b6 13. Bb4 Ra8 14. Qd3 f5 15. Ng5 fxe4 16. Ncxe4 Nf5 17. a5 bxa5 18. Rxa5 Rxa5 19. Bxa5 Nd4 20. Bc3 Bf5 21.
Nf3 Nf6 22. Nfd2 Nxe4 23. Nxe4 Qh4 24. f3 Bxe4 25. fxe4 Rxf1+ 26. Bxf1 Qd8 27. Qh3 h6 28. Qg4 Kh7 29. Bxd4 exd4 30. e5 dxe5 31. Bd3 Qg5 32. Qxg5 hxg5 33. Kf2 Bf8 34. Kf3 Bd6 35. Ke4 Kg7 36. c5 Bxc5 37. Kxe5 Kf7 38. h3 Bb6 1/2-1/2

[Event "Late-Titled-Tuesday-Blitz-March-12-2024"]
[Site "Chess.com"]
[Date "2024.03.12"]
[Round "11"]
[White "newyorkmouse"]
[Black "1g60-1"]
[Result "1-0"]
[WhiteElo "2597"]
[BlackElo "2375"]
[TimeControl "180+1"]
[EndTime "16:02:05 PDT"]
[Termination "newyorkmouse won by resignation"]

1. b3 d5 2. Bb2 Nc6 3. Nf3 Bf5 4.
e3 a6 5. Be2 Nf6 6. O-O e6 7.
c4 Be7 8. d4 h6 9. Nc3 O-O 10.
Rc1 dxc4 11. Bxc4 Nb4 12. a3 Nbd5 13. Bd3 Bg4 14. h3 Bh5 15. g4 Bg6 16. Bxg6 fxg6 17. Ne5 Qe8 18. Qd3 Kh7 19. Nxd5 exd5 20. Rxc7 Bd6 21.
Rxb7 Ne4 22. Kg2 Rf6 23. f3 Ng5 24. h4 Ne6 25. h5 Nf8 26. hxg6+ Nxg6 27. g5 Re6 28. gxh6 Rxe5 29. dxe5 Bxe5 30. Bxe5 Qxe5 31. Rxg7+ Kh8 32. Qxg6 1-0

[Event "Late-Titled-Tuesday-Blitz-March-12-2024"]
[Site "Chess.com"]
[Date "2024.03.12"]
[Round "11"]
[White "shirovin"]
[Black "maurovargas01"]
[Result "1-0"]
[WhiteElo "2050"]
[BlackElo "1829"]
[TimeControl "180+1"]
[EndTime "16:02:06 PDT"]
[Termination "shirovin won on time"]

1. d4 d5 2. Nc3 e6 3. Bf4 Nd7 4. Nb5 e5 5. dxe5 a6 6. Nc3 c6 7. Nf3 Bb4 8. e3 h5 9. Bd3 Bxc3+ 10. bxc3 Qa5 11. O-O Qxc3 12. e6 fxe6 13. Bg6+ Kd8 14.
Nd4 Ndf6 15. Be5 Ne7 16. Nxe6+ Bxe6 17. Bxc3 Nxg6 18. Bxf6+ gxf6 19. e4 Kd7 20. exd5 cxd5 21. c4 Ke7 22. cxd5 Bg4 23. Re1+ Kf7 24. Qb3 Kg7 25. Qxb7+ Kh6 26. d6 1-0

[Event "Late-Titled-Tuesday-Blitz-March-12-2024"]
[Site "Chess.com"]
[Date "2024.03.12"]
[Round "11"]
[White "Zq1"]
[Black "Speed-O-Sonic"]
[Result "1-0"]
[WhiteElo "2611"]
[BlackElo "2464"]
[TimeControl "180+1"]
[EndTime "16:02:08 PDT"]
[Termination "Zq1 won by resignation"]

1. d4 d5 2. c4 e6 3. Nc3 c5 4.
cxd5 cxd4 5. Qxd4 Nc6 6. Qd1 exd5 7. Qxd5 Be6 8. Qxd8+ Rxd8 9. e3 Nb4 10. Bb5+ Ke7 11. Kf1 Nf6 12. Nf3 a6 13. Be2 Ne4 14. Nd4 Nxc3 15.
bxc3 Nd5 16. Nxe6 fxe6 17. Bb2 Kf7 18. c4 Nb4 19. a3 Nc2 20. Ra2 Rd2 21. Bh5+ Ke7 22.
h4 Kd7 23. Rh3 Bxa3 24. Bxa3 Nxe3+ 25. Rxe3 Rxa2 26. Rd3+ Kc8 27. Bf7 Rd8 28. Bxe6+ Kc7 29. Bd5 b5 30. cxb5 axb5 31. Rc3+ 1-0

[Event "Late-Titled-Tuesday-Blitz-March-12-2024"]
[Site "Chess.com"]
[Date "2024.03.12"]
[Round "11"]
[White "Adar_07"]
[Black "ChristopherYoo"]
[Result "0-1"]
[WhiteElo "2837"]
[BlackElo "3011"]
[TimeControl "180+1"]
[EndTime "16:02:09 PDT"]
[Termination "ChristopherYoo won on time"]

1. e4 c5 2. Nf3 e6 3. d4 cxd4 4. Nxd4 Nf6 5. Nc3 Nc6 6. Ndb5 Bc5 7. Nd6+ Ke7 8. Bf4 e5 9. Nf5+ Kf8 10. Be3 Bb4 11. Bc4 d5 12. exd5 Na5 13. Bd3 e4 14. Nxg7 Kxg7 15. Be2 Qxd5 16. Qc1 Bg4 17. Bd2 Qh5 18.
f3 exf3 19. gxf3 Qh4+ 20. Kd1 Rad8 21. fxg4 Bxc3 22. bxc3 Ne4 23. Bd3 Nf2+ 24. Ke2 Rhe8+ 25. Kf3 Nxd3 0-1

[Event "Late-Titled-Tuesday-Blitz-March-12-2024"]
[Site "Chess.com"]
[Date "2024.03.12"]
[Round "11"]
[White "Eloist"]
[Black "Likvidator228"]
[Result "1-0"]
[WhiteElo "2495"]
[BlackElo "2603"]
[TimeControl "180+1"]
[EndTime "16:02:11 PDT"]
[Termination "Eloist won by resignation"]

1. e4 c5 2. Nf3 g6 3. c3 Bg7 4. d4 cxd4 5. cxd4 d5 6. e5 a6 7. Bd3 Nc6 8. h3 f6 9. exf6 Nxf6 10. O-O O-O 11. Nc3 Qd6 12. Re1 Bf5 13. Bxf5 gxf5 14.
Qb3 b5 15. Bg5 Ne4 16. Qxd5+ Qxd5 17. Nxd5 Nxg5 18. Nxg5 Bxd4 19. Ne6 Bxb2 20. Rab1 Ba3 21. Nxf8 Rxf8 22. Re6 Rd8 23. Rd1 Bd6 24. Nxe7+ Bxe7 25. Rxd8+ Bxd8 26. Rxc6 Be7 27. Rxa6 b4 28. Kf1 Kf7 29.
Ke2 1-0

[Event "Late-Titled-Tuesday-Blitz-March-12-2024"]
[Site "Chess.com"]
[Date "2024.03.12"]
[Round "11"]
[White "Perecke"]
[Black "mbojan"]
[Result "0-1"]
[WhiteElo "2621"]
[BlackElo "2872"]
[TimeControl "180+1"]
[EndTime "16:02:23 PDT"]
[Termination "mbojan won by resignation"]

1. e4 a6 2. h3 e6 3. d4 d5 4. e5 c5 5. c3 Bd7 6. f4 cxd4 7. cxd4 Ne7 8. Be3 Bb5 9. Nf3 Bxf1 10. Rxf1 Nbc6 11. Nc3 h5 12. Qd2 Nf5 13. Bf2 h4 14. O-O-O Be7 15. Kb1 Rc8 16. Ne2 Qb6 17. g4 hxg3 18. Nxg3 Nxg3 19. Bxg3 Rxh3 20. Qg2 Rh8 21. Rh1 Kd7 22. f5 Rxh1 23. Qxh1 exf5 24. Qh5 g6 25. Qh7 Rf8 26. Bf4 Qd8 27. Re1 Ke6 28. Rh1 Rg8 29. Bg5 Bxg5 30. Nxg5+ Qxg5 31. Qxg8 Nxd4 32. Qc8+ Kxe5 33.
Re1+ Kf4 34. Qc7+ Kf3 35. Qxf7 Kf2 36. Rd1 Qg4 37. Rd2+ Ke1 38. Rd3 Qe4 0-1

[Event "Late-Titled-Tuesday-Blitz-March-12-2024"]
[Site "Chess.com"]
[Date "2024.03.12"]
[Round "11"]
[White "ContrVersia"]
[Black "BardArtem"]
[Result "1-0"]
[WhiteElo "2880"]
[BlackElo "2777"]
[TimeControl "180+1"]
[EndTime "16:02:34 PDT"]
[Termination "ContrVersia won by resignation"]

1. d4 Nf6 2. c4 b6 3. Nf3 Bb7 4. g3 g6 5. Bg2 Bg7 6. O-O O-O 7. Qc2 Be4 8. Qb3 e6 9. Nc3 Bb7 10. Bg5 h6 11. Bxf6 Qxf6 12. Rad1 d6 13. d5 e5 14. Bh3 Qd8 15. Qa4 Kh7 16. e4 a5 17. Ne1 f5 18. exf5 gxf5 19. Qc2 e4 20. Ng2 Nd7 21. f3 Ba6 22. b3 Qf6 23. Nxe4 fxe4 24. Qxe4+ Kh8 25. Bxd7 Rad8 26. Be6 Qg5 27.
f4 Qh5 28. g4 Qe8 29. Nh4 Rf6 30. g5 hxg5 31. fxg5 Rxf1+ 32. Rxf1 Bc3 33. Rf7 Qg8 34.
Ng6+ Qxg6 35. Qxg6 Rg8 1-0

[Event "Late-Titled-Tuesday-Blitz-March-12-2024"]
[Site "Chess.com"]
[Date "2024.03.12"]
[Round "11"]
[White "GaiozNigalidze"]
[Black "ChainedDowntohell"]
[Result "1-0"]
[WhiteElo "2701"]
[BlackElo "2537"]
[TimeControl "180+1"]
[EndTime "16:02:35 PDT"]
[Termination "GaiozNigalidze won by resignation"]

1. d4 Nf6 2. c4 e6 3. Nc3 Bb4 4. f3 Nc6 5. e4 d6 6. a3 Bxc3+ 7.
bxc3 e5 8. d5 Ne7 9. Be3 b6 10. g4 h5 11. g5 Nh7 12. h4 O-O 13.
Ne2 f6 14. Ng3 Ng6 15. Nxh5 fxg5 16. hxg5 Nxg5 17. Be2 Nh3 18. Kd2 Ngf4 19. Nxf4 exf4 20. Bd4 Qg5 21. Bf1 Qg3 22. Bxh3 Bxh3 23. Qe2 Bg2 24. Rhg1 Bxf3 25. Rxg3 fxg3 26. Qe3 Rf7 27. Rf1 Raf8 28. Qg5 Bxe4 29. Rxf7 Rxf7 30. Qxg3 Bf5 31. Qg5 Kh7 32. Bxg7 Rxg7 33. Qxf5+ Kh6 34. Ke3 a5 35. Kf4 Rg8 36. Qf6+ Kh7 37. Kf5 Re8 38. Qf7+ 1-0

[Event "Late-Titled-Tuesday-Blitz-March-12-2024"]
[Site "Chess.com"]
[Date "2024.03.12"]
[Round "11"]
[White "BebeBonito2022"]
[Black "cthake"]
[Result "1-0"]
[WhiteElo "2303"]
[BlackElo "1761"]
[TimeControl "180+1"]
[EndTime "16:02:35 PDT"]
[Termination "BebeBonito2022 won by resignation"]

1. d4 Nf6 2. c4 g6 3. Nc3 d5 4.
cxd5 Nxd5 5. e4 Nxc3 6. bxc3 Bg7 7. Qa4+ Bd7 8. Qa3 O-O 9. Bg5 Re8 10. Nf3 c5 11. Qxc5 Nc6 12. Be2 Rc8 13. Qa3 h6 14. Bh4 Bg4 15. O-O g5 16. Bg3 Qd7 17. Rac1 e6 18. Rfe1 Bf8 19. Qb2 b6 20. Ne5 Nxe5 21. Bxe5 Bxe2 22. Qxe2 Bg7 23. Bxg7 Kxg7 24. f4 Qe7 25.
Rf1 Rh8 26. f5 f6 27. e5 exf5 28. Rxf5 fxe5 29. Rxe5 Qd6 30. Re6 Qxd4+ 31. cxd4 Rxc1+ 32. Kf2 Rf8+ 33. Kg3 Rc3+ 34. Re3 Rxe3+ 35. Qxe3 1-0

[Event "Late-Titled-Tuesday-Blitz-March-12-2024"]
[Site "Chess.com"]
[Date "2024.03.12"]
[Round "11"]
[White "only_strong_moves"]
[Black "Fh2411"]
[Result "1-0"]
[WhiteElo "2584"]
[BlackElo "2657"]
[TimeControl "180+1"]
[EndTime "16:02:36 PDT"]
[Termination "only_strong_moves won on time"]

1. Nc3 d5 2. e4 dxe4 3. Nxe4 Nf6 4. Nxf6+ exf6 5. d4 Bd6 6. Bd3 O-O 7. Ne2 Re8 8.
c3 Nd7 9. Qc2 Nf8 10. O-O c6 11. Ng3 Qc7 12. Bd2 Be6 13. Rae1 Rad8 14. f4 Bc8 15. Ne4 Be7 16. b4 f5 17. Ng5 h6 18. Nf3 g6 19. Ne5 Be6 20. Kh1 a5 21. a3 Bf6 22. Re3 b5 23. Rg3 Bg7 24. bxa5 Bd5 25.
a4 bxa4 26. Qxa4 Ne6 27. a6 Ra8 28. Re3 Rec8 29. Ree1 c5 30. Rb1 cxd4 31. cxd4 1-0

[Event "Late-Titled-Tuesday-Blitz-March-12-2024"]
[Site "Chess.com"]
[Date "2024.03.12"]
[Round "11"]
[White "AmanteDeMoi"]
[Black "carloseduar100"]
[Result "0-1"]
[WhiteElo "2573"]
[BlackElo "2356"]
[TimeControl "180+1"]
[EndTime "16:02:41 PDT"]
[Termination "carloseduar100 won on time"]

1. Nf3 Nf6 2. e3 d5 3. b3 c6 4. Bb2 Nbd7 5. Be2 Qc7 6. O-O e5 7. c4 Bd6 8. cxd5 cxd5 9. Nc3 a6 10. Rc1 Qb8 11. d3 O-O 12. h3 Re8 13. Ne1 e4 14.
dxe4 Nxe4 15. Nxd5 Bh2+ 16. Kh1 Be5 17. Bxe5 Qxe5 18. Nc7 Ndf6 19. Nxa8 Bxh3 20. gxh3 Qf5 21. Bg4 Nxf2+ 22. Rxf2 Qxf2 23. Qe2 Nxg4 24. Qxg4 Qxe3 25.
Rd1 Rxa8 26. Ng2 Qf2 27. Rg1 g6 28. a4 Re8 29. Nf4 Re3 30. Qc8+ Kg7 31. Qg4 Qf3+ 32. Qxf3 Rxf3 0-1

[Event "Late-Titled-Tuesday-Blitz-March-12-2024"]
[Site "Chess.com"]
[Date "2024.03.12"]
[Round "11"]
[White "ZachHKL"]
[Black "LUISMIGUELOV"]
[Result "1-0"]
[WhiteElo "2155"]
[BlackElo "2112"]
[TimeControl "180+1"]
[EndTime "16:02:42 PDT"]
[Termination "ZachHKL won by resignation"]

1. c4 e6 2. g3 c6 3. Bg2 d5 4. d4 Nf6 5. Qc2 Ne4 6. Nd2 f5 7. f3 Nd6 8. e4 Nxc4 9. Nxc4 dxc4 10. Qxc4 b5 11. Qd3 Bb4+ 12. Bd2 Bxd2+ 13. Qxd2 O-O 14.
Ne2 Nd7 15. O-O Bb7 16. Nf4 Qe7 17. Rae1 Qf6 18. e5 Qh6 19. h4 Rae8 20. Qc3 Nb6 21.
Nd3 Nd5 22. Qc1 Qxc1 23. Rxc1 a6 24. Nc5 Rf7 25. f4 Ne3 26. Nxb7 Rxb7 27. Bxc6 Nxf1 28. Bxb7 Nxg3 29. Kf2 Ne4+ 30. Bxe4 fxe4 31. Ke3 h6 32. Kxe4 g5 33. hxg5 hxg5 34. Rg1 Rc8 35. Rxg5+ Kf7 36. f5 exf5+ 37. Rxf5+ Ke7 38. Rf6 a5 39. Ra6 a4 40.
Ra7+ Ke8 41. d5 Rc4+ 42. Kf5 Rb4 43. Ke6 Kd8 44. d6 Kc8 45. d7+ 1-0

[Event "Late-Titled-Tuesday-Blitz-March-12-2024"]
[Site "Chess.com"]
[Date "2024.03.12"]
[Round "11"]
[White "CaspiIsrael"]
[Black "Jospem"]
[Result "1-0"]
[WhiteElo "2723"]
[BlackElo "3080"]
[TimeControl "180+1"]
[EndTime "16:02:43 PDT"]
[Termination "CaspiIsrael won by resignation"]

1. e4 a6 2. d4 e6 3. Bd3 d5 4. e5 c5 5. c3 Bd7 6. Nf3 cxd4 7.
cxd4 Bb5 8. Bxb5+ axb5 9. O-O Nc6 10. Nc3 Qb6 11. Qd3 b4 12. Ne2 Nge7 13. Nf4 Nf5 14. Be3 Qa6 15. Qb1 g6 16. g4 Nxe3 17. fxe3 Be7 18. Kg2 Rc8 19. Rc1 Kd7 20. Nd3 Qb5 21.
Nc5+ Ke8 22. Qd3 Qxd3 23. Nxd3 Kd8 24. Rc2 b6 25. Rac1 Kd7 26. b3 Na7 27. Rxc8 Nxc8 28. h4 Na7 29. Ng5 Bxg5 30. hxg5 Nc6 31. Kg3 Ra8 32. Rc2 Ra7 33. Rh2 Ke7 34. Kf3 Ra8 35. Rc2 Kd7 36. Ke2 Rh8 37. Kf3 h5 38. gxh6 Rxh6 39.
Rf2 Rh1 40. Kg2 Rh7 41. Ne1 Ke7 42. Nf3 Nd8 43. Ng5 Rh4 44. Rf4 Rh8 45. Rf3 Ke8 46. Rh3 Rf8 47. Nh7 Rg8 48. Nf6+ Kf8 49. Nxg8 Kxg8 50.
Rh1 Kf8 51. Rc1 Ke8 52. Rc7 Kf8 53. Kf3 Ke8 54. Kf4 f5 55. exf6 Nf7 56. Re7+ Kf8 57. Rxe6 Nh6 58. Rxb6 g5+ 59. Kxg5 Nf7+ 60. Kf5 Nd8 61. Rb8 1-0

[Event "Late-Titled-Tuesday-Blitz-March-12-2024"]
[Site "Chess.com"]
[Date "2024.03.12"]
[Round "11"]
[White "nj123456"]
[Black "trriinu"]
[Result "1-0"]
[WhiteElo "2467"]
[BlackElo "2290"]
[TimeControl "180+1"]
[EndTime "16:02:43 PDT"]
[Termination "nj123456 won on time"]

1. e4 d5 2. exd5 Qxd5 3. Nc3 Qd6 4. d4 Nf6 5. Nf3 Nc6 6. Be2 Bg4 7. O-O e6 8. Nb5 Qd7 9. c4 a6 10. Nc3 O-O-O 11.
Be3 Bxf3 12. Bxf3 Nxd4 13. Bxd4 Qxd4 14. Qb3 Qb6 15. Qc2 Bc5 16. Na4 Qa7 17. b4 Bd4 18.
Rab1 Nd7 19. c5 c6 20. Rfd1 Be5 21. Qe4 Bc7 22. Qg4 g6 23. Qh4 Qb8 24. Qe7 Bxh2+ 25. Kh1 Bc7 26. Qxf7 Rhe8 27. Bg4 Nf8 28. Qxf8 Rxf8 29.
Bxe6+ Rd7 30. Rxd7 Bf4 31. Rf7+ 1-0

[Event "Late-Titled-Tuesday-Blitz-March-12-2024"]
[Site "Chess.com"]
[Date "2024.03.12"]
[Round "11"]
[White "Misterfox120"]
[Black "Divljasvinja14"]
[Result "1-0"]
[WhiteElo "2397"]
[BlackElo "2464"]
[TimeControl "180+1"]
[EndTime "16:02:45 PDT"]
[Termination "Misterfox120 won by resignation"]

1. d4 Nf6 2. Bf4 g6 3. Nc3 d6 4.
e4 Bg7 5. Qd2 Nc6 6. O-O-O O-O 7.
h4 h5 8. f3 e5 9. dxe5 dxe5 10. Qxd8 Rxd8 11. Rxd8+ Nxd8 12. Bxe5 c6 13. Nh3 Bxh3 14.
Rxh3 Ne6 15. Bc4 Bh6+ 16. Kb1 Nd7 17. Bxe6 Nxe5 18. Bb3 Rd8 19. Rh1 Rd2 20. Rg1 Be3 21. Re1 Rxg2 22. a4 Bf2 23. Re2 Rg1+ 24. Ka2 Bxh4 25.
f4 Ng4 26. e5 Bg3 27. e6 fxe6 28. Rxe6 Kg7 29. Re7+ Kh6 30. Bg8 Bxf4 31. Ne4 g5 32. Rxb7 Kg6 33. Bh7+ Kh6 34. Bf5 Nf6 35. Nxf6 g4 36. Ne4 1-0